 Dungeon Crawl Stone Soup version 0.29-a0-486-ga88943ba61 (webtiles) character file.

Game seed: 16918410008771662433

2595 Bruhh the Ogre Mage (level 9, -1/97 HPs)
             Began as an Ogre Earth Elementalist on May 26, 2022.
             Was a Follower of Vehumet.
             Slain by a yak (16 damage)
             ... on level 9 of the Dungeon.
             The game lasted 00:10:28 (8774 turns).

Bruhh the Ogre Mage (Ogre Earth Elementalist)       Turns: 8774, Time: 00:10:29

Health: -1/97      AC:  3    Str: 26    XL:     9   Next: 59%
Magic:  2/22       EV:  9    Int: 20    God:    Vehumet [*.....]
Gold:   364        SH:  0    Dex:  9    Spells: 22/26 levels left

rFire   . . .      SeeInvis .   p - +0 short sword (venom)
rCold   . . .      Faith    .   E - orb {*Rage}
rNeg    . . .      Spirit   .   b - +0 robe
rPois   .          Reflect  .   (helmet restricted)
rElec   .          Harm     .   I - scarf {shadows}
rCorr   .          Rampage  .   (gloves unavailable)
Will    .....      Rage     20% (boots unavailable)
Stlth   +.........              q - amulet of regeneration
HPRegen 1.06/turn               d - +6 ring of strength
MPRegen 0.18/turn               n - +6 ring of strength

@: very slightly contaminated
A: large, unfitting armour, tough skin 1
a: Renounce Religion


You were on level 9 of the Dungeon.
You worshipped Vehumet.
Vehumet was aware of your devotion.
You visited 2 branches of the dungeon, and saw 10 of its levels.

You collected 364 gold pieces.

Inventory:

Hand Weapons
 o - a +0 club
 p - a +0 short sword of venom (weapon)
Missiles
 a - 232 stones
Armour
 b - a +0 robe (worn)
 E - an orb of wrath (worn)
 I - a scarf of shadows (worn)
Jewellery
 d - a +6 ring of strength (left hand)
 g - a ring of protection from cold
 j - a ring of protection from fire
 k - a ring of poison resistance
 l - an amulet of faith
 n - a +6 ring of strength (right hand)
 q - an amulet of regeneration (around neck)
Wands
 B - a wand of flame (16)
 F - a wand of acid (6)
 K - a wand of iceblast (5)
Scrolls
 c - a scroll of amnesia {unknown}
 e - a scroll of fog
 f - 2 scrolls of enchant weapon
 i - a scroll of silence
 s - 4 scrolls of fear
 u - 2 scrolls of enchant armour
 y - 2 scrolls of immolation
 C - a scroll of teleportation
 J - a scroll of summoning
Potions
 h - a potion of brilliance {unknown}
 m - a potion of curing
 r - a potion of heal wounds {unknown}
 t - 2 potions of haste {unknown}
 v - a potion of invisibility {unknown}
 w - a potion of might {unknown}
 x - a potion of flight {unknown}
 z - 2 potions of mutation {unknown}
 D - a potion of cancellation {unknown}
 G - a potion of lignification {unknown}
 H - a potion of attraction {unknown}


   Skills:
 + Level 8.9 Fighting
 - Level 1.7 Dodging
 - Level 1.4 Stealth
 - Level 9.0 Spellcasting
 - Level 5.0 Conjurations
 - Level 0.8 Transmutations
 - Level 5.0 Earth Magic


You had 22 spell levels left.
You knew the following spells:

 Your Spells              Type           Power      Damage    Failure   Level
a - Sandblast             Erth           58%        2d13      1%          1
b - Stone Arrow           Conj/Erth      58%        3d10      3%          3

Your spell library contained the following spells:

 Spells                   Type           Power      Damage    Failure   Level
 Magic Dart               Conj           100%       1d8       1%          1
 Passwall                 Tmut/Erth      16%        N/A       3%          2
 Necrotize                Necr           36%        1d5       8%          1
 Conjure Flame            Conj/Fire      19%        6-21      9%          3
 Ensorcelled Hibernation  Hex/Ice        18%        N/A       12%         2
 Mephitic Cloud           Conj/Pois/Air  15%        N/A       12%         3
 Ignite Poison            Fire/Tmut/Pois 10%        N/A       21%         3
 Gell's Gravitas          Tloc           9%         N/A       22%         3
 Inner Flame              Hex/Fire       9%         N/A       22%         3
 Lesser Beckoning         Tloc           9%         N/A       22%         3
 Swiftness                Air            9%         N/A       22%         3
 Teleport Other           Tloc           9%         N/A       22%         3
 Vampiric Draining        Necr           9%         2d6       22%         3
 Petrify                  Tmut/Erth      20%        N/A       22%         4
 Sticky Flame             Conj/Fire      19%        2d4       26%         4
 Cause Fear               Hex            4%         N/A       58%         4
 Freezing Cloud           Conj/Ice/Air   7%         6-21      73%         5
 Agony                    Necr           9%         N/A       91%         5
 Discord                  Hex            4%         N/A       100%        8


Dungeon Overview and Level Annotations

Branches:
Dungeon (9/15)             Temple (1/1) D:6            Lair (0/6) D:8
    Orc: D:9-12

Altars:
Ashenzari
Cheibriados
Dithmenos
Elyvilon
Fedhas
Gozag
Hepliaklqana
Kikubaaqudgha
Makhleb
Nemelex Xobeh
Okawaru
Qazlal
Ru
Sif Muna
Trog
Uskayaw
Vehumet
Wu Jian
Xom
Yredelemnul
Zin
The Shining One

Shops:
D:2 (

Annotations:
D:8 Maurice


Innate Abilities, Weirdness & Mutations

You are too large for most types of armour.
You have tough skin. (AC +1)


Message History

a - 233 stones The yak gores you!
* * * LOW HITPOINT WARNING * * *
You feel better. The yak gores you!
* * * LOW HITPOINT WARNING * * *
Unknown command.
You feel better. The yak barely misses you.
You enter the shallow water.
Moving in this stuff is going to be slow.
The yak attacks as you move away! The yak gores you but does no damage.
The yak barely misses you.
There is an escape hatch in the floor here.
The yak gores you!
* * * LOW HITPOINT WARNING * * *
The yak barely misses you.
You slide downwards.
The hatch slams shut behind you.
Casting: Sandblast (safe; 1% risk of failure)
Confirm with . or Enter, or press ? or * to list all spells.
Okay, then.
Casting: Sandblast (safe; 1% risk of failure)
Confirm with . or Enter, or press ? or * to list all spells.
Aiming: Sandblast (safe; 1% risk of failure)
Press: ? - help, Shift-Dir - straight line, f - yak
Aim: a yak (severely wounded, 88% to hit)
You miscast Sandblast.
You are very lightly contaminated with residual magic.
Nothing appears to happen.
The yak completely misses you. The yak gores you.
* * * LOW HITPOINT WARNING * * *
Casting: Sandblast (safe; 1% risk of failure)
Confirm with . or Enter, or press ? or * to list all spells.
Aiming: Sandblast (safe; 1% risk of failure)
Press: ? - help, Shift-Dir - straight line, f/p - yak
Aim: a yak (severely wounded, 88% to hit)
The blast of sand hits the yak!
The yak is almost dead.
a - 232 stones The yak gores you!
* * * LOW HITPOINT WARNING * * *
The yak gores you!
You die...

####.###
#.......
........
#.......
#.......
#YY.....
#@......
########


You could see 2 yaks.

Vanquished Creatures
  2 yaks (D:8)
  Grum (D:8)
  Duvessa (D:4)
  An ice beast (D:7)
  A sky beast (D:6)
  An ogre (D:7)
  2 wolves (D:8)
  2 kobold brigands (D:8)
  A phantom (D:4)
  2 bullfrogs (D:7)
  2 necrophages
  A scorpion (D:7)
  Dowan (D:4)
  4 killer bees (D:8)
  An electric eel (D:8)
  9 hounds
  2 jellies
  2 orc priests (D:5)
  2 iguanas
  Ijyb (D:5)
  Natasha (thrice) (D:4)
  5 orc wizards
  3 adders
  A gnoll (D:5)
  2 shadow imps
  A white imp (D:8)
  3 worms
  2 dart slugs
  11 orcs
  8 ball pythons
  9 endoplasms
  4 giant cockroaches
  5 goblins
  8 hobgoblins
  A jackal (D:1)
  3 quokkas
  4 bats
  5 frilled lizards
  17 kobolds
  3 rats
137 creatures vanquished.

Notes
Turn   | Place    | Note
-------+----------+-------------------------------------------
     0 | D:1      | Bruhh the Ogre Earth Elementalist began the quest for the
                  | Orb.
     0 | D:1      | Reached XP level 1. HP: 16/16 MP: 3/3
   191 | D:1      | Reached XP level 2. HP: 10/24 MP: 3/5
   436 | D:1      | Reached skill level 3 in Spellcasting
   852 | D:1      | Reached XP level 3. HP: 31/31 MP: 5/7
  1378 | D:2      | Found Mesegoar's Weapon Shop.
  1998 | D:2      | Identified the +1 spear "Obro" {spect, Fragile rElec rN+
                  | SInv}
  2011 | D:2      | Identified the +10 hunting sling of Exoneration {freeze,
                  | rF+}
  2346 | D:3      | Reached XP level 4. HP: 39/39 MP: 9/9
  2390 | D:3      | Found a faded altar of an unknown god.
  2825 | D:4      | Reached skill level 4 in Spellcasting
  2903 | D:4      | Reached XP level 5. HP: 40/45 MP: 11/11
  2908 | D:4      | Learned a level 3 spell: Stone Arrow
  2985 | D:4      | Noticed Duvessa
  2986 | D:4      | Noticed Dowan
  3087 | D:4      | Noticed Natasha
  3097 | D:4      | Killed Natasha
  3192 | D:4      | Noticed a phantom
  3196 | D:4      | Killed a phantom
  3197 | D:4      | Reached skill level 5 in Spellcasting
  3197 | D:4      | Reached XP level 6. HP: 53/53 MP: 3/13
  3336 | D:4      | Noticed Natasha
  3339 | D:4      | Killed Natasha
  3340 | D:4      | Reached skill level 5 in Earth Magic
  3558 | D:4      | Noticed Natasha
  3568 | D:4      | Killed Natasha
  3569 | D:4      | Reached skill level 1 in Conjurations
  3806 | D:4      | Killed Duvessa
  3808 | D:4      | Killed Dowan
  3809 | D:4      | Reached XP level 7. HP: 59/59 MP: 0/14
  4027 | D:5      | Entered Level 5 of the Dungeon
  4068 | D:5      | Found a broken altar of Ashenzari.
  4068 | D:5      | Noticed Ijyb
  4071 | D:5      | Killed Ijyb
  5339 | D:6      | Reached skill level 5 in Conjurations
  5557 | D:6      | Reached XP level 8. HP: 67/67 MP: 9/16
  5691 | D:6      | Reached skill level 6 in Spellcasting
  6239 | D:6      | Found a staircase to the Ecumenical Temple.
  6357 | D:6      | Found a burning altar of Makhleb.
  6403 | D:6      | Reached skill level 7 in Spellcasting
  6445 | Temple   | Entered the Ecumenical Temple
  6559 | Temple   | Became a worshipper of Vehumet
  7068 | D:7      | Reached skill level 8 in Spellcasting
  7722 | D:7      | Reached skill level 9 in Spellcasting
  7722 | D:7      | Reached skill level 1 in Fighting
  7949 | D:8      | Noticed Grum
  7957 | D:8      | Reached XP level 9. HP: 38/83 MP: 13/22
  7959 | D:8      | HP: 3/83 [Grum/+1 spear (12)]
  8179 | D:8      | Killed Grum
  8180 | D:8      | Reached skill level 5 in Fighting
  8354 | D:8      | Found a snail-covered altar of Cheibriados.
  8355 | D:8      | Found an ornate altar of the Wu Jian Council.
  8367 | D:8      | Noticed a death yak
  8368 | D:8      | Noticed a death yak
  8370 | D:8      | Noticed Maurice
  8387 | D:8      | Noticed a death yak
  8387 | D:8      | Noticed a death yak
  8387 | D:8      | Noticed a death yak
  8387 | D:8      | Noticed a death yak
  8387 | D:8      | Noticed a death yak
  8388 | D:8      | Found a staircase to the Lair.
  8480 | D:8      | Reached * piety under Vehumet
  8480 | D:8      | Offered knowledge of Magic Dart by Vehumet.
  8774 | D:9      | Slain by a yak

Illustrated notes

Levels and vault maps discovered:
D:1:      psy_arrival_radial02, layout_loops_cross, minmay_octomino_c4
D:2:      layout_basic, serial_shops, shop, minivault_27, st_stairs_6
D:3:      layout_basic, serial_rivers, chequers_serial_rivers_small_a,
          chequers_serial_rivers_large_b, chequers_serial_rivers_marsh,
          chequers_serial_rivers_room_b, chequers_serial_rivers_large_a,
          chequers_serial_rivers_micro_e, hellmonk_ecumenical_altar_blasted,
          minmay_strange_pillars, grunt_decor_mini_mirrors
D:4:      layout_basic, uniq_natasha, uniq_duvessa
D:5:      layout_basic, cheibrodos_ashenzari_chains, uniq_ijyb
D:6:      layout_loops_corners, general_overflow_altar,
          minmay_temple_entry_overgrown, serial_glass, glass_columns_c,
          glass_columns_a
D:7:      layout_rooms, grunt_ministairs_9, ebering_dispersal_statue_hall,
          interstate_on_off, minmay_crystal_room
D:8:      layout_cave_pools, nicolae_overflow_squiral, dpeg_lair_monsters,
          chequers_serial_rivers_marsh, uniq_maurice, uniq_grum
D:9:      layout_roguey
Temple:   mainiacjoe_temple_coin_purse

Skill      XL: |  1  2  3  4  5  6  7  8  9 |
---------------+----------------------------+-----
Earth Magic    | 3 4 5 |  5.0
Spellcasting   | 3 4 5 9 |  9.0
Conjurations   | 3 5 |  5.0
Fighting       | 3 8 |  8.9
Dodging        | |  1.7
Stealth        | |  1.4
Transmutations | |  0.8

Action                   |  1- 3 |  4- 6 |  7- 9 || total
-------------------------+-------+-------+-------++-------
Melee: Unarmed           |    36 |       |       ||    36
       Short sword       |    38 |    57 |    58 ||   153
       Punch             |     2 |       |       ||     2
 Cast: Sandblast         |    38 |    21 |    17 ||    76
       Stone Arrow       |       |    12 |    98 ||   110
  Use: Scroll            |       |     7 |     8 ||    15
       Potion            |       |       |     4 ||     4
 Stab: Sleeping          |       |     1 |       ||     1
Armor: Robe              |    22 |    24 |    30 ||    76
Dodge: Dodged            |    40 |    37 |    66 ||   143

Table legend: (Time is in decaauts)
 A = Elapsed time spent in this place.
 B = Non-inter-level travel time spent in this place.
 C = Inter-level travel time spent in this place.
 D = Time resting spent in this place.
 E = Time spent auto-exploring this place.
 F = Levels seen in this place.
 G = Mean time per level.
                   A        B        C        D        E       F      G
               +--------+--------+--------+--------+--------+-----+--------+
         Total |   8925 |   8709 |    216 |   1118 |   6414 |  10 |  892.5 |
       Dungeon |   8802 |   8598 |    204 |   1118 |   6327 |   9 |  978.0 |
        Temple |    123 |    112 |     11 |      0 |     87 |   1 |  123.0 |
               +--------+--------+--------+--------+--------+-----+--------+

Top non-repeatable levels by time:
     D:6: 1978 daAuts
     D:4: 1392 daAuts
     D:1: 1374 daAuts
     D:5: 953 daAuts
     D:7: 904 daAuts
     D:2: 809 daAuts
     D:3: 743 daAuts
     D:8: 643 daAuts
  Temple: 123 daAuts
     D:9: 1 daAuts
